 Dungeon Crawl Stone Soup version 0.24-a0-129-gdb70d5e40e (webtiles) character file.

Game seed: 0

1073 Enroth the Chopper (level 8, -8/61 HPs)
             Began as a Formicid Fighter on Feb 22, 2019.
             Was an Initiate of Okawaru.
             Killed by divine providence
             ... invoked by an orc priest
              (10 damage)
             ... on level 6 of the Dungeon on Feb 26, 2019.
             The game lasted 00:13:52 (3742 turns).

Enroth the Chopper (Formicid Fighter)               Turns: 3742, Time: 00:13:52

Health: -8/61      AC: 10    Str: 21 (23) XL:     8   Next: 54%
Magic:  8/8        EV: 12    Int:  6 (8)  God:    Okawaru [......]
Gold:   143        SH: 10    Dex:  7 (10) Spells: 7/7 levels left

rFire    + . .     SeeInvis +   a - +0 war axe
rCold    . . .     Gourm    .   c - +0 shield
rNeg     . . .     Faith    .   h - +0 scale mail {rF+}
rPois    .         Spirit   .   (helmet unavailable)
rElec    .         Reflect  .   (no cloak)
rCorr    .         Harm     .   (no gloves)
MR       ++...                  m - +2 pair of boots
Stlth    ..........             (no amulet)
HPRegen  0.20/turn              l - +3 ring of evasion
MPRegen  0.11/turn              (no ring)

@: flying
A: permanent stasis, dig shafts and tunnels, four strong arms, antennae 3, magic
resistance 2
a: Dig, Shaft Self, Renounce Religion


You were on level 6 of the Dungeon.
You worshipped Okawaru.
Okawaru was noncommittal.
You were not hungry.

You visited 2 branches of the dungeon, and saw 7 of its levels.
You also visited: Sewer.

You collected 311 gold pieces.
You spent 168 gold pieces at shops.

Inventory:

Hand Weapons
 a - a +0 war axe (weapon)
Missiles
 r - a throwing net (quivered)
Armour
 b - a +0 scale mail
 c - a +0 shield (worn)
 h - a +0 scale mail of fire resistance (worn)
 m - a +2 pair of boots (worn)
Jewellery
 l - a +3 ring of evasion (left hand)
Wands
 g - a wand of flame (21)
Scrolls
 e - a scroll of random uselessness {unknown}
 i - 3 scrolls of remove curse
 j - 7 scrolls of identify
Potions
 d - a potion of invisibility
 k - a potion of cancellation
 p - a potion of resistance
 q - a potion of agility
Comestibles
 f - 6 rations


   Skills:
 + Level 4.7 Fighting
 + Level 6.8 Axes
 + Level 5.0 Armour
 + Level 2.0 Dodging
 + Level 1.3 Stealth
 + Level 6.0 Shields


You had 7 spell levels left.
You didn't know any spells.
Your spell library was empty.

Dungeon Overview and Level Annotations

Branches:
Dungeon (6/15)             Temple (1/1) D:5

Altars:
Ashenzari
Cheibriados
Dithmenos
Elyvilon
Fedhas
Gozag
Hepliaklqana
Kikubaaqudgha
Makhleb
Nemelex Xobeh
Okawaru
Qazlal
Ru
Sif Muna
Uskayaw
Vehumet
Wu Jian
Xom
Yredelemnul
Zin
The Shining One

Shops:
D:2 *   D:5 [


Innate Abilities, Weirdness & Mutations

You cannot be hasted, slowed, berserked, paralysed or teleported.
You can dig through walls and to a lower floor.
Your four strong arms can wield two-handed weapons with a shield.
You have a pair of large antennae on your head. (SInv)
You are highly resistant to hostile enchantments. (MR++)


Message History

The orc wizard casts a spell at you. The puff of flame misses you.
The orc wizard hits you but does no damage.
The orc wizard casts a spell at you. The puff of frost hits you.
* * * LOW HITPOINT WARNING * * *
The orc priest invokes the aid of Beogh against you.
Beogh smites you!
* * * LOW HITPOINT WARNING * * *
You hear a bark!
Okay, then.
Okay, then.
It was a potion of degeneration.
There was something very wrong with that liquid.
You feel weakened.
You feel dopey.
You feel clumsy. You block the orc wizard's attack.
The orc wizard looks braver for a moment.
The orc priest invokes the aid of Beogh against you.
Beogh smites you!
You die...

...# #..o# ################
...{# #..............# §...§#
####...#..##.# §§.§o.###
#.†..<#....#.########§§......
#.##.>...............§.......
#.###.#.#....########........
#.# #.#.....@.ooo.o).........
#.# #.###.############.######
#.# #.# #.# {... #.# #.# #.#
{ ..## #.# #.# #.# {..# #.#
#. .{# ...


You could see an orc priest, an orc wizard (invisible) and 2 orcs.

Vanquished Creatures
  An orc warrior (D:6)
  A phantom (D:4)
  A crocodile (Sewer)
  A bullfrog (D:6)
  A gnoll sergeant (D:5)
  A jelly (D:5)
  A bullfrog zombie (D:5)
  A crimson imp (D:5)
  An orc priest (D:4)
  2 hounds
  2 orc wizards (D:4)
  An iguana (D:5)
  18 gnolls
  7 adders
  A shadow imp (D:4)
  An adder skeleton (D:4)
  4 worms
  4 dart slugs
  4 leopard geckos
  20 orcs
  2 ball pythons
  10 bats
  12 giant cockroaches
  11 goblins
  11 hobgoblins
  5 jackals
  11 kobolds
  A quokka (D:4)
  6 frilled lizards
  9 rats
  A spectral orc (D:2)
152 creatures vanquished.

Notes
Turn   | Place    | Note
-------+----------+-------------------------------------------
     0 | D:1      | Enroth the Formicid Fighter began the quest for the Orb.
     0 | D:1      | Reached XP level 1. HP: 18/18 MP: 1/1
    91 | D:1      | Reached XP level 2. HP: 18/24 MP: 2/2
   389 | D:1      | Reached XP level 3. HP: 29/29 MP: 3/3
   651 | D:2      | Found a white marble altar of Elyvilon.
   657 | D:2      | Reached XP level 4. HP: 37/37 MP: 4/4
   672 | D:2      | Found an opulent altar of Gozag.
   672 | D:2      | Found Gozag's Platinum Reserve.
   777 | D:2      | Reached XP level 5. HP: 34/42 MP: 5/5
   814 | D:2      | Found a snail-covered altar of Cheibriados.
  1207 | D:2      | Found a basalt altar of Yredelemnul.
  1641 | D:3      | Found a glowing silver altar of Zin.
  1641 | D:3      | Found a shattered altar of Ashenzari.
  1641 | D:3      | Found an ornate altar of the Wu Jian Council.
  1647 | D:3      | Reached XP level 6. HP: 48/48 MP: 6/6
  1798 | D:4      | Reached skill level 1 in Dodging
  1918 | D:4      | Found a deep blue altar of Sif Muna.
  2012 | D:4      | Reached skill level 5 in Axes
  2139 | D:4      | Reached skill level 5 in Shields
  2139 | D:4      | Reached XP level 7. HP: 49/54 MP: 7/7
  2512 | D:4      | Upgraded the game from 0.24-a0-123-ga2403f3307 to
                  | 0.24-a0-129-gdb70d5e40e
  2523 | D:5      | Entered Level 5 of the Dungeon
  2602 | D:5      | Gained mutation: You are resistant to hostile enchantments.
                  | (MR+) [potion of mutation]
  2602 | D:5      | Gained mutation: You are highly resistant to hostile
                  | enchantments. (MR++) [potion of mutation]
  2622 | D:5      | Reached XP level 8. HP: 24/61 MP: 8/8
  2795 | D:5      | Found a glowing drain.
  2820 | Sewer    | Entered a sewer
  2879 | Sewer    | Reached skill level 1 in Stealth
  2908 | Sewer    | Got a fine robe
  2957 | Sewer    | Identified the +1 robe of the Eight Eyes {rN+} (You found
                  | it in a sewer)
  3105 | D:5      | Found a staircase to the Ecumenical Temple.
  3270 | Temple   | Entered the Ecumenical Temple
  3309 | Temple   | Became a worshipper of Warmaster Okawaru
  3448 | D:5      | Found Ferap's Antique Armour Boutique.
  3459 | D:5      | Bought a shiny scale mail for 168 gold pieces
  3716 | D:6      | Found a shadowy altar of Dithmenos.
  3731 | D:6      | Reached skill level 5 in Armour
  3732 | D:6      | HP: 3/61 [orc priest/divine providence (11)]
  3736 | D:6      | HP: 1/61 [orc wizard/puff of frost (9)]
  3742 | D:6      | Killed from afar by an orc priest

Levels and vault maps discovered:
D:1:      saegor_arrival_under_anarchy, layout_basic
D:2:      layout_rooms, nicolae_gozag_zags_fifth_avenue,
          nicolae_overflow_crystal_walls, yredelemnul_forgotten_temple_becter,
          kennysheep_slug_shrine
D:3:      layout_rooms, gammafunk_temple_overflow_forgotten
D:4:      layout_rooms, tgw_sif, minmay_starry_boxes
D:5:      layout_basic, minmay_temple_entry_wispy, first_ration,
          portal_sewer_entry_a, serial_shops, shop
D:6:      minmay_recursive_quarters, layout_basic, grunt_dithmenos_smoke
Temple:   nicolae_temple_god_jail
Sewer:    sewer_the_crocodile

Skill      XL: |  1  2  3  4  5  6  7  8 |
---------------+-------------------------+-----
Shields        | 4 5 6 |  6.0
Axes           | 3 4 5 6 |  6.8
Fighting       | 4 |  4.7
Dodging        | 1 2 |  2.0
Armour         | 4 5 |  5.0
Stealth        | 1 |  1.3

Action                   |  1- 3 |  4- 6 |  7- 9 || total
-------------------------+-------+-------+-------++-------
Melee: War axe           |    81 |   218 |   151 ||   450
  Use: Potion            |       |     1 |    10 ||    11
       Scroll            |       |       |     9 ||     9
 Stab: Invisible         |       |       |     1 ||     1
  Eat: Chunk             |       |     5 |     2 ||     7
       Ration            |       |       |     1 ||     1
Armor: Scale mail        |    28 |    70 |    38 ||   136
Dodge: Dodged            |    39 |   105 |   108 ||   252
Block: Shield            |    47 |   138 |    96 ||   281

Table legend:
 A = Non-vault XP
 B = Vault XP
 C = Vault XP percentage of total XP
 D = Non-vault monster count
 E = Vault monster count
 F = Vault count percentage of total count
                 A         B        C        D         E       F
            +---------+---------+-------+---------+---------+-------
      Total |    1374 |     160 |  10.4 |     137 |      15 |   9.9
            +---------+---------+-------+---------+---------+-------
        D:1 |      48 |       0 |   0.0 |      26 |       0 |   0.0
        D:2 |     149 |       5 |   3.2 |      33 |       2 |   5.7
        D:3 |     117 |       0 |   0.0 |      30 |       0 |   0.0
        D:4 |     464 |      35 |   7.0 |      34 |       4 |  10.5
        D:5 |     373 |       5 |   1.3 |      12 |       3 |  20.0
        D:6 |     223 |       0 |   0.0 |       2 |       0 |   0.0
      Sewer |       0 |     115 | 100.0 |       0 |       6 | 100.0
            +---------+---------+-------+---------+---------+-------
